cohdb
Replays
Latest Replays
All Replays
Popular Replays
Top Player Replays
Match Explorer
How It Works
Community
CoH3 Stats
Reddit
Sign in to upload your games and track your stats! →
Sign in with Steam
Match 43103256
Unlisted
Match 43103256
Overview
Messages
Build Orders
End
Panzergrenadier Squad
Panzergrenadier Squad
Panzergrenadier Squad
Selects Panzerjäger Kommand Battlegroup
Selects Blockade Equipment
Construct Light Support Kompanie
Fire Support Elements
Flakvierling Half-track
Panzergrenadier Squad
Selects Tank Busters
Panzerjäger Mechanized Group
Panzerpioneer Squad
Selects Crew Shock Tactics
2.5-tonne Medical Truck
2.5-tonne Medical Truck
Construct Mechanized Kompanie
Selects Defensive Positions
Artinios
仙台葉月@宮城のけち
Dark Angels
Goonsader
Longbowmen80
Macho Man Randy Savage
Fungers 🌹
The Wolf, Duc Volpe
0
0
Comments
sign in to comment!
No comments posted yet!